[Event "Marmaris Icmeler-IM May 2022"]
[Site "Icmeler"]
[Date "2022.05.07"]
[Round "6.3"]
[White "Odeev, Handszar"]
[Black "Taspinar, Yanki"]
[Result "0-1"]
[ECO "C20"]
[WhiteElo "2305"]
[BlackElo "2176"]
[Annotator "TA"]
[PlyCount "60"]
[EventDate "2022.05.05"]
[EventType "schev"]
[EventCountry "TUR"]
[SourceTitle "playchess.com"]
[Source "ChessBase"]
[SourceQuality "1"]
[TimeControl "5400+30"]

1. e4 e5 2. Ne2 Nc6 3. f4 d5 4. exd5 Qxd5 5. Nbc3 {[%emt 0:00:30] [#]} Qa5 $146 {[%emt 0:02:30] Black is much more active. The white rooks are badly placed.} ({Predecessor:} 5... Qd8 6. fxe5 Nxe5 7. d4 Ng6 8. Be3 Nf6 9. Qd3 Be7 10. O-O-O a6 11. Ng3 Nd5 12. Nxd5 Qxd5 {½-½ (42) Janz,F (2284)-Hepting,H (2209) Fuerth 1999}) 6. fxe5 {[%emt 0:02:30] C20: 1 e4 e5: Unusual White second moves.} Bg4 ({Reject} 6... Qxe5 7. d4 Qa5 8. d5 $14) 7. h3 Bh5 (7... Bxe2 $15 8. Qxe2 O-O-O) 8. g4 $14 {[%emt 0:20:30] White is slightly better.} Be7 {[%emt 0:11:30] ( -> ...Bh4+)} 9. Bg2 $1 Bh4+ 10. Kf1 Bg6 $1 (10... Qxe5 $2 11. d4 Qf6+ 12. Bf4 $18) 11. d4 ({White should play} 11. Bxc6+ $14 bxc6 12. d4) 11... O-O-O $11 12. Bf4 Nge7 {[%emt 0:00:00][%mdl 1024] Black has compensation.} 13. a3 {[%emt 0:07:30] Prevents Qb4.} (13. Qd2 $11 {remains equal.}) 13... Qa6 (13... Qb6 $17 14. Na4 Qb5) 14. Kg1 f6 {[%emt 0:01:30] White must now prevent ...fxe5.} 15. e6 h5 16. Qd2 hxg4 17. hxg4 {[%emt 0:00:30] [#]} Ne5 $1 18. Qe3 $2 (18. Bxe5 $11 fxe5 19. Rxh4 $1 Rxh4 20. Qg5 exd4 21. Qxh4 dxc3 22. Nxc3 Qxe6 23. Re1 Qb6+ 24. Qf2) (18. Rxh4 Rxh4) 18... Nxg4 $19 19. Qf3 Bf2+ 20. Kf1 Rxh1+ 21. Bxh1 Bh5 (21... Bf5 $19 {Hoping for ...g5.} 22. b4 {[#]} Be3 $1) 22. Qh3 $17 g6 {[%emt 0:03:33] The board is on fire.} 23. d5 Bc5 $36 {[%emt 0:06:50][%mdl 2048] aiming for ...Nf2. White is under strong pressure.} 24. Qg3 (24. Bf3 $17 Ne5 25. Bxe5 fxe5 26. Bxh5 gxh5 27. Rd1) 24... Nf5 {[%emt 0:00:21][%cal Be7f5,Bf5e3,Be3c2,Bc2a1][%mdl 32] Black is clearly winning.} 25. Qd3 Nge3+ 26. Bxe3 Nxe3+ 27. Ke1 Qxd3 28. cxd3 Nc2+ 29. Kd2 Nxa1 30. Nc1 Bd6 {[%emt 0:01:10] Weighted Error Value: White=0.76/Black=0.23 (precise)} 0-1

[Event "Marmaris Icmeler-IM May 2022"]
[Site "Icmeler"]
[Date "2022.05.07"]
[Round "6.4"]
[White "Sevdimaliyev, Urfan"]
[Black "Kilic, Eray"]
[Result "0-1"]
[ECO "B90"]
[WhiteElo "2331"]
[BlackElo "2192"]
[Annotator "TA"]
[PlyCount "50"]
[EventDate "2022.05.05"]
[EventType "schev"]
[EventCountry "TUR"]
[SourceTitle "playchess.com"]
[Source "ChessBase"]
[SourceQuality "1"]
[TimeControl "5400+30"]

1. e4 c5 2. Nf3 d6 3. d4 cxd4 4. Nxd4 Nf6 5. Nc3 a6 6. Qe2 {[%emt 0:00:30] B90: Sicilian Najdorf: Unusual White 6th moves, 6 Be3 Ng4 and 6 Be3 e5.} e5 7. Nf5 d5 {[%emt 0:00:00] next ...d4 is good for Black.} 8. Bg5 $1 {[%emt 0:00:00] The position is equal.} d4 $1 9. O-O-O Nc6 {[%emt 0:04:30] Hoping for ...Qa5.} 10. f4 (10. Qf3 $11) 10... Qa5 $1 $17 (10... Bxf5 11. exf5 Qa5 12. fxe5 $1 $14) 11. fxe5 dxc3 12. exf6 Be6 $1 ({Inferior is} 12... Qxa2 13. bxc3 gxf6 14. Bxf6 $15) (12... cxb2+ 13. Kb1 gxf6 14. Bxf6 $16) 13. Rd5 (13. fxg7 {gets mated.} cxb2+ 14. Kxb2 Ba3+ 15. Kb1 Qb4+ 16. Ka1 Qb2#) 13... Qxa2 14. bxc3 gxf6 $40 {[%emt 0:00:30][%mdl 128] Black wants a kill.} 15. Bxf6 Rg8 {[%emt 0:01:30] [#] Threatens to win with ...Rg6.} 16. g4 $146 (16. Kd2 $17) ({Predecessor:} 16. Kd2 Rg6 17. Bh4 f6 18. Nd6+ Kd7 19. Nc4+ Ke7 20. Qd3 b5 21. Ne3 Bh6 22. Ke2 Bxe3 23. Kxe3 {0-1 (51) Anikin,V-Sherwood,H ICCF email 2014}) 16... Rg6 $19 17. g5 {[%emt 0:07:30][%cal Oc1d2] [#]} Rxf6 $1 {[%emt 0:02:30][%mdl 512] Dancing on a razor blade.} 18. gxf6 Bxf5 19. exf5+ {[%emt 0:00:00] [#]} (19. Qe3 {keeps fighting.} Be6 20. Rg1) 19... Ne7 $1 {[%emt 0:00:00][%mdl 512] ( -> ...Bh6+)} 20. Qe3 {[%emt 0:02:00] [#] Inhibits Bh6.} (20. Qc4 Bh6+) 20... Bh6 $1 21. Qxh6 Nxd5 (21... Qa1+ $2 22. Kd2 Nxd5 {[#]} 23. Bb5+ $1 axb5 24. Rxa1 Rxa1 25. Qg7 Nxf6 26. Qxf6 $18) 22. Bg2 $2 (22. Kd2 $19 Qa5 23. Bd3) 22... O-O-O 23. Bxd5 Qa1+ {[%emt 0:00:30][%mdl 64] Zwischenzug, Double Attack} 24. Kd2 Rxd5+ 25. Ke2 Qxh1 {[%emt 0:00:00] White got outplayed after the opening.  Weighted Error Value: White=0.55/Black=0.00 (flawless)} 0-1

[Event "Marmaris Icmeler-IM May 2022"]
[Site "Icmeler"]
[Date "2022.05.07"]
[Round "6.5"]
[White "Toufighi, Homayoon"]
[Black "Nazari, Arad"]
[Result "1/2-1/2"]
[ECO "D02"]
[WhiteElo "2439"]
[BlackElo "2287"]
[Annotator "TA"]
[PlyCount "31"]
[EventDate "2022.05.05"]
[EventType "schev"]
[EventCountry "TUR"]
[SourceTitle "playchess.com"]
[Source "ChessBase"]
[SourceQuality "1"]
[TimeControl "5400+30"]

1. d4 Nf6 2. Nf3 d5 3. Bf4 c5 4. e3 Nc6 5. c3 Qb6 6. Qb3 c4 7. Qc2 $1 {[%emt 0:00:00] 7.Qc2 scores better than 7.Qxb6.} Bf5 8. Qc1 e6 9. h3 {[%emt 0:00:00] D02: 1 d4 d5 2 Nf3 sidelines, including 2...Nf6 3 g3 and 2...Nf6 3 Bf4.} Be7 10. Nbd2 {[%emt 0:00:00] The position is equal.} Qd8 11. Nh4 Be4 12. Nhf3 Bg6 13. Nh4 Be4 14. Nhf3 Bg6 {[%emt 0:00:00] [#]} 15. Nh4 $146 ({Predecessor:} 15. Be2) 15... Be4 16. Nhf3 {[%emt 0:00:00] Not much happened in this game.  Weighted Error Value: White=0.02 (flawless) /Black=0.06 (flawless)} 1/2-1/2

[Event "Marmaris Icmeler-IM May 2022"]
[Site "Icmeler"]
[Date "2022.05.08"]
[Round "7.1"]
[White "Hereklioglu, Sude"]
[Black "Darban, Morteza"]
[Result "0-1"]
[ECO "A04"]
[WhiteElo "1918"]
[BlackElo "2279"]
[Annotator "TA"]
[PlyCount "108"]
[EventDate "2022.05.05"]
[EventType "schev"]
[EventCountry "TUR"]
[SourceTitle "playchess.com"]
[Source "ChessBase"]
[SourceQuality "1"]
[TimeControl "5400+30"]

1. Nf3 c5 2. g3 g6 3. Bg2 Bg7 4. O-O Nc6 5. e4 d6 6. d3 e5 7. c3 Nge7 8. a4 O-O 9. Na3 h6 {[%emt 0:00:30] 9...Be6 deserves study. A04: Unusual lines after 1 Nf3 and King's Indian Attack.} 10. Ne1 Be6 11. f4 {[%emt 0:04:30] [#]} Na5 $146 {[%emt 0:03:30] Black is slightly better.} ({Predecessor:} 11... Qd7 12. Rf2 d5 13. Qc2 Rac8 14. Nf3 Kh7 15. fxe5 Nxe5 16. Nxe5 Bxe5 17. Qe2 Bg7 {0-1 (49) Grishchenko,V (1983)-Akmalov,D (1874) Voronezh 2014}) 12. Be3 Rc8 13. f5 gxf5 14. Qh5 $1 fxe4 15. dxe4 Kh7 16. Nf3 {[%emt 0:00:30] Black must now prevent Ng5+.} f6 {[%emt 0:01:30] Prevents Ng5+.} 17. g4 (17. Bh3 $11 {remains equal.} Bxh3 18. Qxh3) 17... Qe8 18. Qh4 Ng6 ({Not} 18... Qxa4 19. Bxh6 Bxh6 20. g5 $15) 19. Qg3 Qxa4 20. h4 (20. Rf2 $17) 20... Qd7 $19 (20... Qxe4 $2 21. Ng5+ $1 hxg5 22. Bxe4 $18) 21. g5 fxg5 22. hxg5 h5 23. Nh4 Nxh4 24. Qxh4 Kg6 25. Qg3 ({White should try} 25. Nc2 Rxf1+ 26. Rxf1) 25... Kh7 26. Qh4 $1 {[%emt 0:00:30] [#]} Kg6 (26... Bg4 $1 $19 27. Kh2 Kg6) 27. Nc2 ({Much worse is} 27. Bf3 Bg4 28. Bxg4 hxg4 29. Rxf8 Rxf8 $17) (27. Qg3 $1 $11) 27... Rxf1+ 28. Rxf1 Rf8 29. Bc1 (29. Bf3 $2 Bg4 30. Ne1 b5 $17) 29... Rxf1+ 30. Bxf1 {[%emt 0:00:30] [#]} Nb3 (30... Bf8 $1 $19 {Threatens to win with ...Be7.} 31. b4 Nb3) 31. Be3 $17 b5 32. Ne1 c4 33. Ng2 Nc5 34. Qf2 {[%emt 0:05:33] This move loses the game for White.} (34. Qh1 $17) 34... Nxe4 $19 35. Nh4+ (35. Qc2 $142 d5 36. Nh4+ Kf7 37. Bg2) 35... Kh7 36. Qf3 d5 37. Qxh5+ Kg8 {[%emt 0:00:00] aiming for ...Bg4.} 38. g6 (38. Bg2 {keeps fighting.}) 38... Bf6 39. Bg2 (39. Nf3 {was worth a try.} Ng3 40. Qh7+ Qxh7 41. gxh7+ Kxh7 42. Ng5+ Bxg5 43. Bxg5) 39... Ng3 40. Qh6 Qg7 {[%emt 0:00:00] ...Qxh6 is the strong threat.} 41. Nf3 Qxh6 42. Bxh6 Ne4 {[%emt 0:00:00] Inhibits Ng5.} 43. Kf1 a6 44. Ke2 Bf5 45. Nd2 Bxg6 46. Nxe4 Bxe4 47. Bxe4 dxe4 {[%emt 0:00:00][%mdl 4096] Endgame KB-KB} 48. Ke3 Kf7 {[%emt 0:00:00] Hoping for ...a5.} 49. Kxe4 Ke6 50. Be3 Be7 (50... a5 $142 51. Bb6 a4 52. Be3 Be7 53. Bh6 b4 54. cxb4 Bxb4 55. Bc1 Bc5 56. Kf3 c3 57. bxc3 a3 58. Kg2 Kd6 59. Kh2 Kd5 60. Kg2 e4 61. Kf1 Kc4 62. Kg2 a2 63. Bb2 Kd3 64. Kh2 e3 65. Kg3 e2 66. Kg4 e1=Q 67. Kf5 Qf2+ 68. Kg6 Qxb2 69. Kf6 a1=Q 70. Kf5 Qf1+ 71. Ke6 Qb6+ 72. Kd7 Qf5+ 73. Ke8 Qfe6#) 51. Bb6 Bg5 52. Bc5 Bc1 {[%emt 0:00:00] ( -> ...a5)} 53. Ba3 a5 54. Kf3 Kd5 {[%emt 0:00:00] Weighted Error Value: White=0.61/Black=0.16 (very precise)} 0-1

[Event "Marmaris Icmeler-IM May 2022"]
[Site "Icmeler"]
[Date "2022.05.08"]
[Round "7.2"]
[White "Ince, Taylan Ruzgar"]
[Black "Odeev, Handszar"]
[Result "1-0"]
[ECO "C41"]
[WhiteElo "2018"]
[BlackElo "2305"]
[Annotator "TA"]
[PlyCount "45"]
[EventDate "2022.05.05"]
[EventType "schev"]
[EventCountry "TUR"]
[SourceTitle "playchess.com"]
[Source "ChessBase"]
[SourceQuality "1"]
[TimeControl "5400+30"]

1. e4 e5 2. Nf3 d6 3. d4 exd4 4. Nxd4 Nf6 5. Nc3 Be7 6. Be2 O-O 7. O-O Re8 8. f4 Bf8 9. Bf3 c5 10. Nde2 {[%emt 0:00:00][%cal Oe4e5] C41: Philidor Defence.} Nc6 11. h3 Bd7 12. g4 {[%emt 0:08:30] Black must now prevent g5. The position is equal.} b5 $1 13. Ng3 {[%emt 0:19:30] [#]} b4 $146 ({Predecessor:} 13... Nd4 14. Bg2 b4 15. Nce2 Nxe2+ 16. Qxe2 Rb8 17. Rd1 Qc7 18. g5 Bb5 19. Qf3 Nd7 {1-0 (59) Savanovic,A (2442)-Ibarra Jerez,J (2558) Chess.com INT 2019}) 14. Nce2 h5 15. gxh5 Bxh3 ({Black should play} 15... Rc8 $14) 16. e5 $1 $16 Bxf1 ({Better is} 16... Nxe5 $16 17. fxe5 Rxe5) 17. Qxf1 $14 Rc8 18. c3 $2 {[%emt 0:03:30][%mdl 8192] [#]} (18. exf6 $16 {And now Qg2 would win.} Qxf6 19. c3) 18... bxc3 $2 19. bxc3 $2 (19. exf6 $16 {is forced if you want to stay better.} c2 20. Qg2) 19... d5 $2 20. Bxd5 $2 c4 $2 21. Qf3 $2 Bc5+ 22. Kg2 Ne7 {[%emt 0:00:46][%mdl 8192] [#]} ({Not} 22... Qxd5 $2 23. exf6 Qxf3+ 24. Kxf3 $19) (22... Nxd5 $19 23. Ne4 Nce7) 23. Be4 $4 {[%emt 0:25:30][%mdl 40960] Weighted Error Value: White=1.66/Black=1.46. Loss on time!?} (23. Bxc4 $18 {and all is fine.} Nfd5 24. Bb3) 1-0

[Event "Marmaris Icmeler-IM May 2022"]
[Site "Icmeler"]
[Date "2022.05.08"]
[Round "7.3"]
[White "Taspinar, Yanki"]
[Black "Sevdimaliyev, Urfan"]
[Result "1/2-1/2"]
[ECO "B78"]
[WhiteElo "2176"]
[BlackElo "2331"]
[Annotator "TA"]
[PlyCount "115"]
[EventDate "2022.05.05"]
[EventType "schev"]
[EventCountry "TUR"]
[SourceTitle "playchess.com"]
[Source "ChessBase"]
[SourceQuality "1"]
[TimeControl "5400+30"]

1. e4 c5 2. Nf3 Nc6 3. d4 cxd4 4. Nxd4 g6 5. Nc3 Bg7 6. Be3 Nf6 7. Bc4 O-O 8. Bb3 d6 9. f3 Bd7 10. Qd2 Rc8 11. O-O-O Nxd4 12. Bxd4 b5 13. Nd5 Nxd5 $1 {[%emt 0:00:00] B78: Sicilian Dragon: Yugoslav Attack, 9 Bc4 Bd7 10 0-0-0 Rc8.} 14. Bxg7 Kxg7 15. exd5 a5 {[%emt 0:01:30] ...a4 is the strong threat. White is slightly better.} 16. a3 Kg8 17. g4 b4 18. axb4 axb4 19. Qxb4 Rb8 20. Qd4 (20. Qc3 $11) 20... Qa5 $17 {[%emt 0:00:30][%mdl 1024] aiming for ...Rfc8. Black has strong compensation.} 21. Bc4 (21. Qc3 $142 Rb4 22. Bc4) 21... Rfc8 $1 {[%emt 0:07:30] Hoping for ...Rb4.} 22. b3 {[%emt 0:01:30] [#]} Rb4 $146 {[%emt 0:08:30] White must now prevent ...Bb5.} ({Predecessor:} 22... Bb5 23. Bxb5 Rxb5 24. Kb2 Rxc2+ 25. Kxc2 Qa2+ 26. Kd3 Rxb3+ 27. Qc3 Rxc3+ 28. Kxc3 Qa3+ {1-0 (75) Alekseenko,K (2696)-Manukyan,S (2244) Chess.com INT 2020}) 23. Qd3 {[%emt 0:12:30] [#]} Bb5 (23... Rcxc4 $1 $17 24. bxc4 Ba4) 24. Bxb5 $11 Rxb5 25. Kb2 {[%emt 0:04:30] Prevents Rc3.} Rbc5 (25... Ra8 $2 26. Ra1 $18) 26. c4 {[%emt 0:13:30] [#]} Rxc4 $1 27. bxc4 Rb8+ 28. Qb3 $1 Rxb3+ 29. Kxb3 {[%emt 0:00:00][%mdl 4096] Endgame KQ-KRR} Qb6+ 30. Kc3 Qe3+ 31. Rd3 Qe5+ 32. Kc2 Qe2+ 33. Kc3 Kf8 34. h4 h5 35. g5 Qf2 36. Kb3 $1 Kg7 37. Kc3 Qe2 38. Rhd1 Qf2 39. Rd4 (39. Rh1 $1 $11) 39... Qxf3+ $15 40. R1d3 {[%emt 0:00:33] [#]} Qe2 41. Rd2 Qe3+ (41... Qe1 $17 42. Kb4 Qf1) 42. Kc2 Kf8 43. R2d3 Qe5 44. Rd2 Ke8 45. Kd3 f6 (45... Qg3+ $17 46. Kc2 Qe3) 46. gxf6 $1 $11 {[%emt 0:00:25] The position is equal.} Qxf6 47. Re4 g5 48. hxg5 Qxg5 49. Re3 h4 50. Rh2 Qf5+ 51. Kc3 Qf1 52. Reh3 {[%emt 0:00:14] Active counter play!} Qc1+ 53. Kd3 Qd1+ 54. Kc3 Qc1+ 55. Kb3 Qb1+ 56. Kc3 Qc1+ 57. Kb3 Qb1+ 58. Kc3 {[%emt 0:00:04] Weighted Error Value: White=0.08 (flawless) /Black=0.07 (flawless)} 1/2-1/2

[Event "Marmaris Icmeler-IM May 2022"]
[Site "Icmeler"]
[Date "2022.05.08"]
[Round "7.4"]
[White "Kilic, Eray"]
[Black "Toufighi, Homayoon"]
[Result "1-0"]
[ECO "C10"]
[WhiteElo "2192"]
[BlackElo "2439"]
[Annotator "TA"]
[PlyCount "53"]
[EventDate "2022.05.05"]
[EventType "schev"]
[EventCountry "TUR"]
[SourceTitle "playchess.com"]
[Source "ChessBase"]
[SourceQuality "1"]
[TimeControl "5400+30"]

1. e4 e6 2. d4 d5 3. Nc3 dxe4 4. Nxe4 Bd7 5. Nf3 Bc6 6. Bd3 Nd7 7. c3 Be7 {[%emt 0:00:30] C10: French with 3 Nc3: Unusual Black 3rd moves and 3...dxe4.} 8. Qe2 Ngf6 9. Nxf6+ Bxf6 {[%emt 0:00:00] White is slightly better.} 10. h4 Bxf3 {[%emt 0:08:00] [#]} 11. Qxf3 $146 ({Predecessor:} 11. gxf3 Qe7 12. Qe4 c6 13. f4 O-O-O 14. Be3 h5 15. a4 Bxh4 16. Qg2 Bf6 17. a5 {1-0 (47) Espineira Gonzalez,D (2316)-Valles Mata,D (2132) Mondariz 2004}) 11... c6 12. Bf4 (12. Qe4 $14) 12... Qa5 ({Black should try} 12... Bxh4 $11 13. a4 Bg5) 13. b4 Qd5 14. Qg3 ({Better is} 14. Be4 $14 Qc4 15. Bd2) 14... e5 15. dxe5 Nxe5 16. O-O-O Nxd3+ 17. Rxd3 Qxa2 {[%emt 0:01:30] Hoping for ...0-0.} 18. Be5 {[%emt 0:13:30] Black must now prevent Bxf6.} Qa1+ 19. Kd2 {[%emt 0:00:30] Active counter play!} Qb2+ (19... Qxh1 20. Bxf6 gxf6 21. Qe3+ Kf8 22. Qc5+ Ke8 23. Re3+ Kd8 24. Qd6+ Kc8 25. Re7) 20. Ke3 {[%emt 0:04:30] Strongly threatening Bxf6.} Kf8 $1 {[%emt 0:16:30] ...Bxe5 is the strong threat.} 21. Re1 h5 (21... Re8 $2 22. Kf3 Rc8 23. Qf4 $18) (21... Qc2 $1 $11) 22. Bxf6 $1 $16 ({Much weaker is} 22. Rd2 Qb3 23. f3 (23. Kf3 Rh6 $17) 23... Bxe5 24. Qxe5 Rh6 $15) 22... gxf6 23. Kf3 {[%emt 0:01:30] aiming for Red1.} Rg8 {[%emt 0:03:30] [#] Loses the game.} (23... Qc2 $14 24. Ree3 Qb1) 24. Qf4 $1 $40 {[%emt 0:04:30][%mdl 128] White attacks with force.} ({Reject} 24. Qc7 $6 Qc2 25. Qd7 a5 $11) 24... Kg7 {[%emt 0:02:55] [#] Inhibits Qh6+.} (24... Rg6 $16) 25. Re6 $3 {[%emt 0:00:30][%mdl 512] White is clearly winning.} Rge8 (25... Qxc3 26. Rxc3) 26. Qxf6+ Kg8 {[%emt 0:00:07] [#]} 27. Rd7 $1 {[%emt 0:00:30][%csl LRb7,LRf7][%mdl 512] Weighted Error Value: White=0.14 (very precise) /Black=0.29 (precise)} 1-0

[Event "Marmaris Icmeler-IM May 2022"]
[Site "Icmeler"]
[Date "2022.05.08"]
[Round "7.5"]
[White "Nazari, Arad"]
[Black "Huseyinoglu, Alihan"]
[Result "1-0"]
[ECO "B51"]
[WhiteElo "2287"]
[BlackElo "2278"]
[Annotator "TA"]
[PlyCount "77"]
[EventDate "2022.05.05"]
[EventType "schev"]
[EventCountry "TUR"]
[SourceTitle "playchess.com"]
[Source "ChessBase"]
[SourceQuality "1"]
[TimeControl "5400+30"]

1. e4 c5 2. Nf3 Nc6 3. Bb5 d6 4. Bxc6+ bxc6 5. O-O Bg4 6. h3 Bh5 {[%emt 0:00:00] B51: Sicilian: Moscow Variation (3 Bb5+) without 3...Bd7.} 7. Re1 e5 8. c3 Nf6 {[%emt 0:02:30] The position is equal.} 9. d4 cxd4 10. cxd4 Nd7 11. Nbd2 Be7 12. Qa4 Qc7 13. b3 O-O 14. dxe5 dxe5 {[%emt 0:00:30] [#]} 15. Ba3 $146 ({Predecessor:} 15. Bb2 Nc5 16. Qc4 Bd6 17. Rac1 Rac8 18. Bxe5 Ne6 19. Bxd6 Qxd6 20. e5 Qd5 21. Qxd5 cxd5 {½-½ (49) Hammer,J (2532)-Ghaem Maghami,E (2604) ICC INT 2009}) 15... Nb6 16. Qa5 {[%emt 0:01:30] aiming for Bxe7.} Bxa3 17. Qxa3 Rfd8 18. Re3 f6 19. Rc1 Bf7 20. Rec3 Rd6 21. Nf1 a5 22. Ne3 {[%emt 0:00:30] Hoping for Nf5.} Be6 (22... Bg6 $11) 23. Qb2 a4 24. b4 Qb7 25. a3 Nc8 {[%emt 0:00:30] [#]} (25... Rad8 $14) 26. Nd2 $1 $16 Ne7 27. Ndc4 Rd4 28. Qc2 c5 29. bxc5 {[%emt 0:01:30] Black must now prevent Nd6.} Qxe4 30. Qxe4 Rxe4 31. Nd6 (31. c6 $14 {was preferrable.}) 31... Rd4 $11 32. Nc2 $36 {[%emt 0:02:00][%mdl 2048] White fights for an advantage.} Rd2 33. Nb4 Rd8 34. Nb7 {[%emt 0:01:00] Pair of Knights!} Rc8 35. c6 $1 Nd5 36. Nxd5 Bxd5 {[%emt 0:00:30][%mdl 8192] [#]} (36... Rxd5 $14 37. c7 Kf8) 37. Nd6 $18 {[%emt 0:01:30] White is winning.} Rc7 38. Nb5 Rc8 39. c7 {[%emt 0:00:00] Weighted Error Value: White=0.05 (flawless) /Black=0.28 (precise)} 1-0

[Event "Marmaris Icmeler-IM May 2022"]
[Site "Icmeler"]
[Date "2022.05.08"]
[Round "8.1"]
[White "Odeev, Handszar"]
[Black "Hereklioglu, Sude"]
[Result "1/2-1/2"]
[ECO "B56"]
[WhiteElo "2305"]
[BlackElo "1918"]
[Annotator "TA"]
[PlyCount "58"]
[EventDate "2022.05.05"]
[EventType "schev"]
[EventCountry "TUR"]
[SourceTitle "playchess.com"]
[Source "ChessBase"]
[SourceQuality "1"]
[TimeControl "5400+30"]

1. e4 c5 2. Nf3 Nc6 3. d4 cxd4 4. Nxd4 Nf6 5. Nc3 d6 6. h4 {[%emt 0:19:30] B56: Classical Sicilian: Unusual Lines.} e5 7. Nb3 Be6 8. Bg5 {[%emt 0:01:30] [#]} h6 $146 ({Predecessor:} 8... Be7 9. Bxf6 Bxf6 10. g3 O-O 11. Qd2 a5 12. a4 Bxb3 13. cxb3 Nd4 14. Qd1 Be7 {1-0 (31) Sychev,K (2572)-Durarbayli,V (2606) Chess.com INT 2021}) 9. Bxf6 Qxf6 10. g3 Rc8 11. Be2 ({White should try} 11. Bh3 $14) 11... a6 12. O-O h5 13. Nd5 Qh6 14. f4 {[%emt 0:03:43] Against g5} (14. Kg2 $11) 14... exf4 $17 15. Nxf4 g5 $1 16. Nxh5 (16. Nxe6 $17 fxe6 17. Qd2) 16... gxh4 $1 $19 17. Kg2 (17. Nf6+ Kd8 18. g4 Qe3+ 19. Rf2 Qg3+ 20. Rg2 Qe5) (17. g4 $142) 17... hxg3 18. c3 Ne5 19. Nd4 Ng6 20. Nxe6 fxe6 21. Qb3 Nh4+ 22. Kh3 $2 {[%emt 0:00:28] [#]} (22. Kxg3 Rc7 23. Rf4 (23. Kxh4 $2 Rg7 $19) 23... Qg6+ 24. Bg4 Rxh5 25. Raf1) 22... g2 $1 23. Rf4 {[%emt 0:00:37] [#]} (23. Rf6 Qe3+) 23... Be7 $2 (23... Rc5 $1 $19 24. Bg4 (24. Qxb7 $2 Ng6 $19) (24. Rxh4 Be7) 24... Rh7 $1) 24. Qxb7 $11 {[%emt 0:00:09] The board is on fire.} Rc5 {[%emt 0:01:29] aiming for ...Ng6.} 25. Qb8+ $4 {[%emt 0:00:49][%mdl 8192] [#]} (25. Qxa6 $11 {and White is okay.} Ng6 26. Bb5+ Kd8 27. Qb6+ Kc8 28. Ba6+ Kd7 29. Bb5+ Kc8 30. Ba6+ Kd7 31. Bb5+ Kc8) 25... Kd7 $2 (25... Bd8 $1 $19 26. Qxd6 {[#]} Ng6 $1 27. Qxe6+ Be7 28. Qf7+ Kd8 29. Kxg2 (29. Rd1+ $2 Kc7 $19) 29... Rf8 30. Rd1+ Kc7 31. Qxf8 Nxf8) 26. Qb7+ {[%emt 0:00:33] The position is equal.} Rc7 27. Qxa6 Nf3 28. Bb5+ Kd8 29. Qa8+ Rc8 {[%emt 0:00:04] Weighted Error Value: White=0.59/Black=0.69} 1/2-1/2

[Event "Marmaris Icmeler-IM May 2022"]
[Site "Icmeler"]
[Date "2022.05.08"]
[Round "8.2"]
[White "Sevdimaliyev, Urfan"]
[Black "Ince, Taylan Ruzgar"]
[Result "1-0"]
[ECO "A16"]
[WhiteElo "2331"]
[BlackElo "2018"]
[Annotator "TA"]
[PlyCount "161"]
[EventDate "2022.05.05"]
[EventType "schev"]
[EventCountry "TUR"]
[SourceTitle "playchess.com"]
[Source "ChessBase"]
[SourceQuality "1"]
[TimeControl "5400+30"]

1. c4 Nf6 2. Nc3 d5 3. cxd5 Nxd5 4. g3 g6 5. Bg2 Nb6 6. d3 Bg7 7. Be3 Nc6 8. Rc1 {[%emt 0:00:30] A16: English Opening: 1...Nf6 with ...d5.} O-O 9. Qd2 Nd4 10. Bh6 {[%emt 0:00:30] White has an edge.} e5 11. h4 {[%emt 0:04:30] [#]} Bxh6 $146 ({Predecessor:} 11... f5 12. Nf3 c6 13. Bxg7 Nxf3+ 14. Bxf3 Kxg7 15. b4 Qf6 16. a4 Be6 17. b5 Rad8 {1-0 (42) Graf,A (2620)-Figura,A (2416) Dresden 2007}) 12. Qxh6 Nf5 13. Qd2 Ng7 14. Ne4 f6 15. Nc5 c6 16. Nf3 Ne6 {[%emt 0:03:30] Prevents d4.} 17. Nb3 Qe7 (17... a5 $5) 18. O-O Rd8 19. Qa5 Bd7 20. Nfd2 Be8 21. Ne4 Nd5 22. Qa3 Qxa3 23. bxa3 b6 24. e3 (24. a4 $11) 24... c5 $15 25. Nbd2 Kf7 26. Nc4 {[%emt 0:01:30] [#] Ned6+ is the strong threat.} Ke7 {[%emt 0:00:30] Inhibits Ned6.} 27. Rfe1 Ndc7 28. g4 Bc6 29. g5 Bxe4 30. Bxe4 Rac8 31. gxf6+ Kxf6 32. a4 Ne8 33. Rb1 Rb8 34. Rb2 Nd6 35. Nxd6 Rxd6 36. Rc1 Ke7 37. Kf1 Kf6 38. Ke2 Rdd8 39. Rcb1 Nc7 40. Rh1 Nd5 41. Rc1 {[%emt 0:00:11] Against Nc3+} Ne7 42. a5 Nf5 43. axb6 ({Better is} 43. Rcb1 $16) 43... axb6 $2 {[%emt 0:00:08] Black is on the road to losing.} (43... Rxb6 $11 {and Black is okay.} 44. Rbc2 Nxh4) 44. Rcb1 $18 Rd6 45. a4 {[%emt 0:00:28][%cal Ba2a4,Ba4a5][%mdl 32] aiming for a5!} Ne7 46. a5 Nc8 47. Rb5 Ke6 {[%emt 0:02:11] [#]} 48. Rxc5 $3 Na7 (48... b5 $142 49. Rcxb5 Rxb5 50. Rxb5 Na7) (48... bxc5 49. Rxb8) 49. Rc7 Rd7 50. Rxd7 Kxd7 51. Rxb6 Rxb6 (51... Kc7 $142 52. Re6 Nb5 53. Re7+ Kd6) 52. axb6 {[%emt 0:00:01][%mdl 4096] Endgame KB-KN} Nb5 53. b7 Kc7 54. Kf3 {[%emt 0:00:15] Threatens to win with Kg4.} Nc3 55. Kg3 (55. Kg4 $142 Nb5 56. Kg5) 55... Nd1 56. Bd5 (56. Kg4 $142 h6 57. Bxg6 Nxf2+ 58. Kh5) 56... h6 57. Be4 {[%emt 0:00:28] Black must now prevent f4.} g5 58. hxg5 hxg5 59. Bf3 Nb2 60. Be4 Nd1 61. Kf3 {[%emt 0:00:31] White mates.} Nc3 62. Kg4 Nd1 63. Kg3 Kb8 64. Bf3 Nb2 65. d4 exd4 66. exd4 Nd3 67. Be4 Nf4 68. Kg4 Ne6 69. f3 Nxd4 70. Kxg5 Ne6+ 71. Kg4 Nc5 72. Bd5 Kc7 73. f4 Nd7 74. Kg5 Kd6 75. Bf3 Ke7 76. f5 Kf7 77. Bh5+ Kf8 78. f6 Nb8 79. Kf5 Nc6 80. Ke4 Nb8 81. Kd5 {[%emt 0:00:36] Weighted Error Value: White=0.09 (flawless) /Black=0.42} 1-0